| TOP OF THE 1ST |
|
Pulaski Yankees batting - Pitching for Bluefield Blue Jays : RHP Bobby Leija
|
|
Pitching: RHP Bobby Leija
|
|
|
Batting: LHB Joel Vera
|
0-0: Ball 1-0: Ball 2-0: Fly out, F8 (Flyball, 8RS, EV 84.4 MPH)
|
|
Batting: LHB Dan Morris
|
0-0: Called Strike 0-1: Ball 1-1: Ground out 4-3 (Groundball, 4, EV 105.6 MPH)
|
|
Batting: SHB Blake Abbott
|
0-0: Ball 1-0: Foul Ball, location: 2F 1-1: Called Strike 1-2: Ground out 6-3 (Groundball, 4, EV 83.8 MPH)
|
| Top of the 1st over - 0 runs, 0 hits, 0 errors, 0 left on base; Pulaski 0 - Bluefield 0 |
| BOTTOM OF THE 1ST |
|
Bluefield Blue Jays batting - Pitching for Pulaski Yankees : LHP Arturo Eli
|
|
Pitching: LHP Arturo Eli
|
|
|
Batting: RHB Justin Geiger
|
0-0: Called Strike 0-1: Ball 1-1: Swinging Strike 1-2: Ball 2-2: Foul Ball, location: 2F 2-2: Foul Ball, location: 2F 2-2: Ball 3-2: Foul Ball, location: 2F 3-2: Foul Ball, location: 2F 3-2: Foul Ball, location: 2F 3-2: SINGLE (Line Drive, 9LS, EV 91.2 MPH)
|
|
Batting: SHB Ryan Chicoine
|
0-0: Ball 1-0: Called Strike Justin Geiger steals 2nd base (no throw) 1-1: Foul Ball, location: 2F 1-2: Ball 2-2: 2-RUN HOME RUN (Flyball, 7LD, EV 93.8 MPH), Distance : 356 ft
|
|
Batting: RHB Taylor Peavey
|
0-0: Ball 1-0: Ball 2-0: Foul Ball, location: 2F 2-1: Swinging Strike 2-2: Fly out, F7 (Flyball, 78M, EV 77.5 MPH)
|
|
Batting: RHB Jordan Fairburn
|
0-0: Called Strike 0-1: Ball 1-1: Ball 2-1: Swinging Strike 2-2: Strikes out swinging
|
|
Batting: SHB Jack Andrews
|
0-0: Called Strike 0-1: Ball 1-1: Foul Ball, location: 2F 1-2: Ball 2-2: Foul Ball, location: 2F 2-2: Foul Ball, location: 2F 2-2: Strikes out looking
|
| Bottom of the 1st over - 2 runs, 2 hits, 0 errors, 0 left on base; Pulaski 0 - Bluefield 2 |
| TOP OF THE 2ND |
|
Pulaski Yankees batting - Pitching for Bluefield Blue Jays : RHP Bobby Leija
|
|
Batting: RHB Mike Gifford
|
0-0: Ball 1-0: Ball 2-0: Ball 3-0: Called Strike 3-1: Base on Balls
|
|
Batting: RHB Bobby Melillo
|
0-0: Ball 1-0: Fly out, F7 (Flyball, 78M, EV 88.8 MPH)
|
|
Batting: SHB Victor Ruiz
|
0-0: Ball 1-0: Foul Ball, location: 2F 1-1: Foul Ball, location: 2F 1-2: Ball 2-2: 2-RUN HOME RUN (Flyball, 7LD, EV 91.2 MPH), Distance : 336 ft
|
|
Batting: RHB Johannes Gutermuth
|
0-0: Called Strike 0-1: Ball 1-1: Ball 2-1: Ball 3-1: Base on Balls
|
|
Batting: SHB Joe Fure
|
0-0: Ball Johannes Gutermuth is caught stealing 2nd base 2-6 1-0: Fly out, F8 (Flyball, 8RXD, EV 93.8 MPH)
|
| Top of the 2nd over - 2 runs, 1 hit, 0 errors, 0 left on base; Pulaski 2 - Bluefield 2 |
| BOTTOM OF THE 2ND |
|
Bluefield Blue Jays batting - Pitching for Pulaski Yankees : LHP Arturo Eli
|
|
Batting: RHB Mike Johnson
|
0-0: Ball 1-0: Ball 2-0: Foul Ball, location: 2F 2-1: Foul Ball, location: 2F 2-2: Reached on error, E6 (Groundball, 6S, EV 70.6 MPH)
|
|
Batting: SHB Scott Robbins
|
0-0: SINGLE (Groundball, 34D, EV 95.0 MPH) Mike Johnson to second Runner from 2nd tries for 3rd, SAFE, throw by RF made to third Scott Robbins to second
|
|
Batting: RHB Tokuji Kawabata
|
0-0: Ball 1-0: Foul Ball, location: 2F 1-1: Fly out, F4 (Flyball, 4D, EV 81.9 MPH)
|
|
Batting: RHB Wade Diamond
|
0-0: Fly out, F9 (Flyball, 9D, EV 92.5 MPH) Runner from 3rd tags up, SCORES, no throw by RF
|
|
Batting: RHB Justin Geiger
|
0-0: Foul Ball, location: 2F 0-1: Ball 1-1: SINGLE (Groundball, 4MD, EV 108.1 MPH) Scott Robbins to third Runner from 3rd tries for Home, SAFE, throw by CF to home
|
|
Batting: SHB Ryan Chicoine
|
0-0: Called Strike 0-1: Called Strike 0-2: Ball Wild Pitch! Justin Geiger to second 1-2: Foul Ball, location: 2F 1-2: DOUBLE (Line Drive, 9LD, EV 109.4 MPH) Justin Geiger scores
|
|
Batting: RHB Taylor Peavey
|
0-0: Ground out 6-3 (Groundball, 6, EV 85.6 MPH)
|
| Bottom of the 2nd over - 3 runs, 3 hits, 1 error, 1 left on base; Pulaski 2 - Bluefield 5 |
| TOP OF THE 3RD |
|
Pulaski Yankees batting - Pitching for Bluefield Blue Jays : RHP Bobby Leija
|
|
Batting: RHB Roberto Tena
|
0-0: Ball 1-0: Called Strike 1-1: Foul Ball, location: 2F 1-2: Ball 2-2: Fly out, F9 (Flyball, 9D, EV 98.1 MPH)
|
|
Batting: LHB Joel Vera
|
0-0: Ball 1-0: Swinging Strike 1-1: Swinging Strike 1-2: Foul Ball, location: 2F 1-2: Ball 2-2: Strikes out swinging
|
|
Batting: LHB Dan Morris
|
0-0: Foul Ball, location: 2F 0-1: Foul Ball, location: 2F 0-2: Ball 1-2: Ball 2-2: Foul Ball, location: 2F 2-2: Ball 3-2: DOUBLE (Flyball, 78XD, EV 99.4 MPH)
|
|
Batting: SHB Blake Abbott
|
0-0: Swinging Strike 0-1: Ball 1-1: Ball 2-1: Foul Ball, location: 2F 2-2: Ball 3-2: Strikes out looking
|
| Top of the 3rd over - 0 runs, 1 hit, 0 errors, 1 left on base; Pulaski 2 - Bluefield 5 |
| BOTTOM OF THE 3RD |
|
Bluefield Blue Jays batting - Pitching for Pulaski Yankees : LHP Arturo Eli
|
|
Batting: RHB Jordan Fairburn
|
0-0: Ball 1-0: Foul Ball, location: 2F 1-1: Fly out, F9 (Line Drive, 9S, EV 94.4 MPH)
|
|
Batting: SHB Jack Andrews
|
0-0: Called Strike 0-1: Ball 1-1: SINGLE (Flyball, 89S, EV 82.5 MPH)
|
|
Pitching: RHP Vince DeFord
|
|
|
Batting: RHB Mike Johnson
|
0-0: Ball 1-0: Ball 2-0: Fielders Choice at 2nd, 6-4 (Groundball, 6, EV 84.4 MPH)
|
|
Batting: SHB Scott Robbins
|
0-0: Called Strike Mike Johnson steals 2nd base 0-1: Foul Ball, location: 2F 0-2: Foul Ball, location: 2F 0-2: Ball 1-2: Ground out U3 (Groundball, 3, EV 89.4 MPH)
|
| Bottom of the 3rd over - 0 runs, 1 hit, 0 errors, 1 left on base; Pulaski 2 - Bluefield 5 |
| TOP OF THE 4TH |
|
Pulaski Yankees batting - Pitching for Bluefield Blue Jays : RHP Bobby Leija
|
|
Batting: RHB Mike Gifford
|
0-0: Ball 1-0: Foul Ball, location: 2F 1-1: Swinging Strike 1-2: Strikes out swinging
|
|
Batting: RHB Bobby Melillo
|
0-0: Ball 1-0: Called Strike 1-1: Foul Ball, location: 2F 1-2: Ball 2-2: TRIPLE (Line Drive, 89XD, EV 99.4 MPH)
|
|
Batting: SHB Victor Ruiz
|
0-0: 2-RUN HOME RUN (Flyball, 7D, EV 94.4 MPH), Distance : 372 ft
|
|
Batting: RHB Johannes Gutermuth
|
0-0: Ball 1-0: Ground out 5-3 (Groundball, 56S, EV 66.2 MPH)
|
|
Batting: SHB Joe Fure
|
0-0: Ball 1-0: Called Strike 1-1: Ball 2-1: Ball 3-1: Fly out, F8 (Flyball, 78M, EV 81.2 MPH)
|
| Top of the 4th over - 2 runs, 2 hits, 0 errors, 0 left on base; Pulaski 4 - Bluefield 5 |
| BOTTOM OF THE 4TH |
|
Bluefield Blue Jays batting - Pitching for Pulaski Yankees : RHP Vince DeFord
|
|
Batting: RHB Tokuji Kawabata
|
0-0: Foul Ball, location: 2F 0-1: SINGLE (Groundball, 6MD, EV 98.8 MPH)
|
|
Batting: RHB Wade Diamond
|
0-0: Ball 1-0: Ball 2-0: Ball 3-0: Base on Balls Tokuji Kawabata to second
|
|
Batting: RHB Justin Geiger
|
0-0: Ball 1-0: Called Strike 1-1: Ball 2-1: Ball 3-1: SINGLE (Line Drive, 8LS, EV 95.0 MPH) Tokuji Kawabata to third Wade Diamond to second
|
|
Batting: SHB Ryan Chicoine
|
0-0: Called Strike 0-1: Foul Ball, location: 2F 0-2: Ball 1-2: Foul Ball, location: 2F 1-2: Ball 2-2: Foul Ball, location: 2F 2-2: TRIPLE (Line Drive, 7D, EV 99.4 MPH) Tokuji Kawabata scores Wade Diamond scores Justin Geiger scores
|
|
Pitching: RHP David Sauers
|
|
|
Batting: RHB Taylor Peavey
|
0-0: Called Strike 0-1: SINGLE (Groundball, 5S, EV 66.2 MPH) (infield hit) Ryan Chicoine scores
|
|
Batting: RHB Jordan Fairburn
|
0-0: Ball 1-0: Swinging Strike 1-1: Called Strike 1-2: Strikes out looking
|
|
Batting: SHB Jack Andrews
|
0-0: Called Strike 0-1: Foul Ball, location: 2F 0-2: Ball 1-2: Ball 2-2: Foul Ball, location: 2F 2-2: Fly out, F7 (Flyball, 7LM, EV 78.1 MPH)
|
|
Batting: RHB Mike Johnson
|
0-0: Ball 1-0: Called Strike 1-1: Ball 2-1: Ball 3-1: Base on Balls Taylor Peavey to second
|
|
Batting: SHB Scott Robbins
|
0-0: Ball 1-0: Foul Ball, location: 2F 1-1: Called Strike 1-2: Strikes out swinging
|
| Bottom of the 4th over - 4 runs, 4 hits, 0 errors, 2 left on base; Pulaski 4 - Bluefield 9 |
| TOP OF THE 5TH |
|
Pulaski Yankees batting - Pitching for Bluefield Blue Jays : RHP Bobby Leija
|
|
Batting: RHB Roberto Tena
|
0-0: Swinging Strike 0-1: Swinging Strike 0-2: Ground out 4-3 (Groundball, 6M, EV 104.4 MPH)
|
|
Batting: LHB Joel Vera
|
0-0: Ball 1-0: Ball 2-0: Ball 3-0: Swinging Strike 3-1: Base on Balls
|
|
Batting: LHB Dan Morris
|
0-0: Ball 1-0: Ball 2-0: Called Strike 2-1: Fly out, F9 (Flyball, 9S, EV 89.4 MPH)
|
|
Pitching: RHP Joe Spencer
|
|
|
Batting: SHB Blake Abbott
|
0-0: Ball 1-0: Ball Joel Vera steals 2nd base 2-0: Foul Ball, location: 2F 2-1: Foul Ball, location: 2F 2-2: Ball 3-2: Foul Ball, location: 2F 3-2: DOUBLE (Line Drive, 89M, EV 110.0 MPH) Joel Vera scores
|
|
Batting: RHB Mike Gifford
|
0-0: Swinging Strike 0-1: Called Strike 0-2: Strikes out looking
|
| Top of the 5th over - 1 run, 1 hit, 0 errors, 1 left on base; Pulaski 5 - Bluefield 9 |
| BOTTOM OF THE 5TH |
|
Bluefield Blue Jays batting - Pitching for Pulaski Yankees : RHP David Sauers
|
|
Batting: RHB Tokuji Kawabata
|
0-0: Called Strike 0-1: Ground out 4-3 (Groundball, 4, EV 86.2 MPH)
|
|
Batting: RHB Wade Diamond
|
0-0: Ball 1-0: Ball 2-0: Called Strike 2-1: Swinging Strike 2-2: Fly out, F7 (Flyball, 7LS, EV 90.0 MPH)
|
|
Batting: RHB Justin Geiger
|
0-0: Ball 1-0: Foul Ball, location: 2F 1-1: Ball 2-1: Ball 3-1: Called Strike 3-2: Base on Balls
|
|
Batting: SHB Ryan Chicoine
|
0-0: Swinging Strike Justin Geiger steals 2nd base 0-1: Ball 1-1: Fly out, F9 (Line Drive, 9, EV 93.8 MPH)
|
| Bottom of the 5th over - 0 runs, 0 hits, 0 errors, 1 left on base; Pulaski 5 - Bluefield 9 |
| TOP OF THE 6TH |
|
Pulaski Yankees batting - Pitching for Bluefield Blue Jays : RHP Joe Spencer
|
|
Batting: RHB Bobby Melillo
|
0-0: Foul Ball, location: 2F 0-1: Ball 1-1: Ball 2-1: Reached on error, E3 (Groundball, 3L, EV 109.4 MPH)
|
|
Batting: SHB Victor Ruiz
|
0-0: Ball 1-0: Called Strike 1-1: Called Strike Bobby Melillo steals 2nd base 1-2: Ball 2-2: Ball 3-2: Base on Balls
|
|
Batting: RHB Johannes Gutermuth
|
0-0: Called Strike Bobby Melillo steals 3rd base Victor Ruiz to second 0-1: Foul Ball, location: 2F 0-2: Ball 1-2: 3-RUN HOME RUN (Flyball, 78XD, EV 101.2 MPH), Distance : 411 ft
|
|
Pitching: LHP Bruce Knight
|
|
|
Batting: SHB Joe Fure
|
0-0: Ball 1-0: Ball 2-0: Called Strike 2-1: Foul Ball, location: 2F 2-2: Strikes out looking
|
|
Batting: RHB Roberto Tena
|
0-0: DOUBLE (Line Drive, 78D, EV 110.6 MPH)
|
|
Pinch Runner at 2nd Eddie Trebelhorn:
|
|
|
Batting: LHB Joel Vera
|
0-0: Called Strike 0-1: Foul Ball, location: 2F 0-2: Ball 1-2: Ball 2-2: Foul Ball, location: 2F 2-2: Ball 3-2: Strikes out swinging
|
|
Batting: LHB Dan Morris
|
0-0: Called Strike 0-1: Foul Ball, location: 2F 0-2: Ball 1-2: SINGLE (Flyball, 56D, EV 88.8 MPH) Eddie Trebelhorn to third
|
|
Batting: SHB Blake Abbott
|
0-0: Ball 1-0: Foul Ball, location: 2F 1-1: Swinging Strike 1-2: Foul Ball, location: 2F 1-2: Ball 2-2: Ball 3-2: Ground out 5-3 (Groundball, 5, EV 87.5 MPH)
|
| Top of the 6th over - 3 runs, 3 hits, 1 error, 2 left on base; Pulaski 8 - Bluefield 9 |
| BOTTOM OF THE 6TH |
|
Bluefield Blue Jays batting - Pitching for Pulaski Yankees : RHP David Sauers
|
|
Now at SS: Colby Macon
|
|
|
Batting: LHB Cesar Arteaga
|
0-0: Ball 1-0: Swinging Strike 1-1: Ball 2-1: Ball 3-1: Swinging Strike 3-2: Base on Balls
|
|
Batting: RHB Jordan Fairburn
|
0-0: Ball Cesar Arteaga steals 2nd base 1-0: Called Strike 1-1: Foul Ball, location: 2F 1-2: Strikes out swinging
|
|
Pitching: LHP Steve Martin
|
|
|
Batting: SHB Jack Andrews
|
0-0: Foul Ball, location: 2F 0-1: Called Strike Cesar Arteaga steals 3rd base 0-2: Ball 1-2: Strikes out swinging
|
|
Batting: RHB Mike Johnson
|
0-0: Ground out 6-3 (Groundball, 6, EV 100.6 MPH)
|
| Bottom of the 6th over - 0 runs, 0 hits, 0 errors, 1 left on base; Pulaski 8 - Bluefield 9 |
| TOP OF THE 7TH |
|
Pulaski Yankees batting - Pitching for Bluefield Blue Jays : LHP Bruce Knight
|
|
Pitching: LHP Dylan Batstone
|
|
|
Batting: RHB Mike Gifford
|
0-0: Called Strike 0-1: Swinging Strike 0-2: Foul Ball, location: 2F 0-2: Foul Ball, location: 2F 0-2: Ball 1-2: Strikes out swinging
|
|
Batting: RHB Bobby Melillo
|
0-0: Called Strike 0-1: SOLO HOME RUN (Flyball, 9D, EV 96.9 MPH), Distance : 376 ft
|
|
Batting: SHB Victor Ruiz
|
0-0: Ball 1-0: Called Strike 1-1: Ball 2-1: Foul Ball, location: 2F 2-2: Strikes out swinging
|
|
Batting: RHB Johannes Gutermuth
|
0-0: Foul Ball, location: 2F 0-1: Called Strike 0-2: Ball 1-2: Strikes out swinging
|
| Top of the 7th over - 1 run, 1 hit, 0 errors, 0 left on base; Pulaski 9 - Bluefield 9 |
| BOTTOM OF THE 7TH |
|
Bluefield Blue Jays batting - Pitching for Pulaski Yankees : LHP Steve Martin
|
|
Batting: SHB Scott Robbins
|
0-0: SINGLE (Groundball, 6D, EV 102.5 MPH)
|
|
Batting: RHB Tokuji Kawabata
|
0-0: Bunt missed! 0-1: Ball 1-1: Ball 2-1: Bunt missed! 2-2: Strikes out swinging
|
|
Batting: RHB Wade Diamond
|
0-0: Ball 1-0: Foul Ball, location: 2F 1-1: Swinging Strike 1-2: Fielders Choice at 2nd, 6-4 (Groundball, 6, EV 101.2 MPH)
|
|
Batting: RHB Justin Geiger
|
0-0: Ball Wild Pitch! Wade Diamond to second 1-0: Fly out, F4 (Flyball, 34D, EV 84.4 MPH)
|
| Bottom of the 7th over - 0 runs, 1 hit, 0 errors, 1 left on base; Pulaski 9 - Bluefield 9 |
| TOP OF THE 8TH |
|
Pulaski Yankees batting - Pitching for Bluefield Blue Jays : LHP Dylan Batstone
|
|
Pitching: RHP Dave Kurtz
|
|
|
Batting: SHB Joe Fure
|
0-0: Called Strike 0-1: Ball 1-1: Ball 2-1: Ground out 4-3 (Groundball, 34, EV 101.9 MPH)
|
|
Batting: RHB Colby Macon
|
0-0: Called Strike 0-1: Ball 1-1: Ground out U3 (Groundball, 34, EV 81.9 MPH)
|
|
Batting: LHB Joel Vera
|
0-0: Ball 1-0: Ball 2-0: Ball 3-0: Base on Balls
|
|
Batting: LHB Dan Morris
|
0-0: Ball Joel Vera steals 2nd base 1-0: Ball 2-0: Ball 3-0: Called Strike 3-1: Base on Balls
|
|
Batting: SHB Blake Abbott
|
0-0: Ball 1-0: Ball 2-0: Ball 3-0: Base on Balls Joel Vera to third Dan Morris to second
|
|
Batting: RHB Mike Gifford
|
0-0: Called Strike 0-1: DOUBLE (Line Drive, 7LM, EV 108.1 MPH) Joel Vera scores Dan Morris scores Blake Abbott to third Runner from 3rd tries for Home, SAFE, no throw by LF
|
|
Pitching: RHP Jose Ramos
|
|
|
Batting: RHB Bobby Melillo
|
Balk! Mike Gifford to third 0-0: Ball 1-0: Swinging Strike 1-1: Ball 2-1: Foul Ball, location: 2F 2-2: Foul Ball, location: 2F 2-2: Ball 3-2: Ground out 4-3 (Groundball, 4D, EV 95.0 MPH)
|
| Top of the 8th over - 3 runs, 1 hit, 0 errors, 1 left on base; Pulaski 12 - Bluefield 9 |
| BOTTOM OF THE 8TH |
|
Bluefield Blue Jays batting - Pitching for Pulaski Yankees : LHP Steve Martin
|
|
Batting: SHB Ryan Chicoine
|
0-0: Called Strike 0-1: Swinging Strike 0-2: Ball 1-2: Ball 2-2: Ball 3-2: Base on Balls
|
|
Batting: RHB Jose Ontiveros
|
0-0: Called Strike 0-1: Ball 1-1: Grounds into double play, 6-4-3 (Groundball, 6, EV 83.1 MPH)
|
|
Batting: RHB Jordan Fairburn
|
0-0: Called Strike 0-1: Swinging Strike 0-2: Ball 1-2: Ball 2-2: Fly out, F8 (Flyball, 89D, EV 97.5 MPH)
|
| Bottom of the 8th over - 0 runs, 0 hits, 0 errors, 0 left on base; Pulaski 12 - Bluefield 9 |
| TOP OF THE 9TH |
|
Pulaski Yankees batting - Pitching for Bluefield Blue Jays : RHP Jose Ramos
|
|
Pitching: RHP Sergio Valdivia
|
|
|
Batting: SHB Victor Ruiz
|
0-0: Ball 1-0: Swinging Strike 1-1: Foul Ball, location: 2F 1-2: Foul Ball, location: 2F 1-2: Ball 2-2: Foul Ball, location: 2F 2-2: Foul Ball, location: 2F 2-2: Fly out, F7 (Flyball, 7S, EV 88.1 MPH)
|
|
Batting: RHB Johannes Gutermuth
|
0-0: Ground out U3 (Groundball, 3S, EV 86.2 MPH)
|
|
Batting: SHB Joe Fure
|
0-0: Called Strike 0-1: DOUBLE (Groundball, 3L, EV 100.0 MPH)
|
|
Batting: RHB Colby Macon
|
0-0: Foul Ball, location: 2F 0-1: Foul Ball, location: 2F 0-2: Fly out, F9 (Line Drive, 9, EV 99.4 MPH)
|
| Top of the 9th over - 0 runs, 1 hit, 0 errors, 1 left on base; Pulaski 12 - Bluefield 9 |
| BOTTOM OF THE 9TH |
|
Bluefield Blue Jays batting - Pitching for Pulaski Yankees : LHP Steve Martin
|
|
Pitching: RHP John Robidoux
|
|
|
Batting: SHB Jack Andrews
|
0-0: Swinging Strike 0-1: Swinging Strike 0-2: Strikes out swinging
|
|
Pinch Hitting: LHB Brennan Crisp
|
0-0: Called Strike 0-1: Foul Ball, location: 2F 0-2: Foul Ball, location: 2F 0-2: Ball 1-2: DOUBLE (Line Drive, 9LM, EV 112.5 MPH)
|
|
Batting: SHB Scott Robbins
|
0-0: Fly out, F4 (Popup, 4D, EV 61.2 MPH)
|
|
Batting: RHB Tokuji Kawabata
|
0-0: Called Strike 0-1: Ball 1-1: Swinging Strike 1-2: Fly out, F4 (Line Drive, 4, EV 60.0 MPH)
|
| Bottom of the 9th over - 0 runs, 1 hit, 0 errors, 1 left on base; Pulaski 12 - Bluefield 9 |
|